 Dungeon Crawl Stone Soup version 0.20.1-1-g8b1a95d (webtiles) character file.

11350 jojo4000 the Cleaver (level 11, 0/101 HPs)
             Began as a Minotaur Berserker on July 15, 2017.
             Was a High Priest of Trog.
             Slain by a lindwurm (11 damage)
             ... on level 10 of the Dungeon.
             The game lasted 01:00:42 (13002 turns).

jojo4000 the Cleaver (Minotaur Berserker)          Turns: 13002, Time: 01:00:44

Health: 0/101      AC: 13    Str: 25    XL:     11   Next: 48%
Magic:  10/10      EV: 10    Int:  8    God:    Trog [*****.]
Gold:   556        SH: 12    Dex: 10    Spells: 10/10 levels left

rFire    . . .     SeeInvis .   a - +1 hand axe
rCold    . . .     Gourm    .   v - +0 shield
rNeg     . . .     Faith    +   H - +4 scale mail {MR+}
rPois    .         Spirit   .   (helmet restricted)
rElec    .         Reflect  .   (no cloak)
rCorr    .         Harm     .   n - +0 pair of gloves
MR       +....                  (no boots)
Stlth    ..........             F - amulet of faith
Regen    0.3/turn               w - ring of flight
MPRegen  0.2/turn               f - +4 ring of intelligence

@: about to teleport, berserk cooldown, slowed, very slow
A: retaliatory headbutt, horns 2
a: Berserk, Trog's Hand, Brothers in Arms, Burn Spellbooks, Renounce Religion,
Evoke Flight


You were on level 10 of the Dungeon.
You worshipped Trog.
Trog was extremely pleased with you.
You were not hungry.

You visited 1 branch of the dungeon, and saw 10 of its levels.

You collected 556 gold pieces.

Inventory:

Hand Weapons
 a - a +1 hand axe (weapon)
 r - a +0 war axe
 t - a +1 battleaxe of chopping
Armour
 n - a +0 pair of gloves (worn)
 s - a +2 robe of magic resistance
 v - a +0 shield (worn)
 H - a +4 scale mail of magic resistance (worn)
 P - a +0 chain mail
Jewellery
 f - a +4 ring of intelligence (right hand)
 w - a ring of flight (left hand)
 y - an uncursed amulet of regeneration
 F - an amulet of faith (around neck)
 N - an uncursed amulet of guardian spirit
Wands
 e - a wand of disintegration (13/24)
 z - a wand of confusion (37/48)
Scrolls
 b - 2 scrolls of magic mapping
 i - 6 scrolls of identify
 j - 2 scrolls of teleportation
 o - a scroll of acquirement {unknown}
 q - a scroll of fog
 B - 2 scrolls of remove curse
 I - a scroll of blinking {unknown}
 J - a scroll of fear {unknown}
 O - 3 scrolls of enchant armour {unknown}
 S - a scroll of amnesia {unknown}
Potions
 g - 10 potions of curing
 k - 3 potions of cancellation {unknown}
 m - a potion of berserk rage {unknown}
 p - a potion of magic {unknown}
 x - a potion of agility {unknown}
 D - a potion of degeneration {unknown}
 E - a potion of flight {unknown}
 G - 2 potions of invisibility {unknown}
 L - a potion of lignification {unknown}
 Q - a potion of mutation {unknown}
 R - 3 potions of brilliance {unknown}
Comestibles
 c - 10 bread rations
 d - 5 meat rations
 h - 13 royal jellies
 l - 12 fruits


   Skills:
 * Level 10.9 Fighting
 * Level 14.1 Axes
 + Level 8.2 Armour
 + Level 3.7 Dodging
 - Level 0.3 Stealth
 + Level 9.6 Shields
 + Level 1.1 Evocations


You had 10 spell levels left.
You didn't know any spells.

Dungeon Overview and Level Annotations

Branches:
Dungeon (10/15)            Temple (0/1) D:7            Lair (0/6) D:8
    Orc: D:9-12

Altars:
Ashenzari
Dithmenos
Elyvilon
Fedhas
Gozag
Makhleb
Nemelex Xobeh
Okawaru
Qazlal
Ru
Trog
Uskayaw
Yredelemnul
The Shining One
Beogh

Shops:
D:6 [   D:7 (


Innate Abilities, Weirdness & Mutations

You reflexively headbutt those who attack you in melee.
You have a pair of horns on your head.


Message History

The lindwurm claws you but does no damage.
The lindwurm closely misses you. The lindwurm barely misses you. x2
The lindwurm bites you but does no damage.
The lindwurm closely misses you. x2
Okay, then.
Are you sure you want to fly over lava while you are losing your buoyancy?
Okay, then.
You feel better.
You float gracefully downwards.
The lindwurm bites you.
* * * LOW HITPOINT WARNING * * *
You block the lindwurm's attack.
The lindwurm claws you but does no damage.
The lindwurm barely misses you. The lindwurm claws you.
* * * LOW HITPOINT WARNING * * *
The lindwurm claws you but does no damage.
The lindwurm completely misses you. The lindwurm claws you!
* * * LOW HITPOINT WARNING * * *
The lindwurm claws you.
* * * LOW HITPOINT WARNING * * *
The lindwurm bites you!
You die...

#####..#....§≈≈≈§≈≈§§§§§§§§§.....
#..##..#...≈≈≈≈§≈≈§≈§≈§≈§≈≈≈≈....
.......#...≈§§§§§≈....≈≈§≈≈≈≈....
.......#..§§§≈≈≈...##.kk≈≈≈§§§...
..###..#..≈≈≈§≈§.§# ##kk≈§§§§≈...
≈.# #..#..§≈§≈§..#. ?.#..≈≈§≈≈...
≈.# #..#.≈≈≈§§§.## >$##.≈§§§§§..
≈.###..#.≈≈≈§≈≈k##k) ##k§§≈§≈≈..
...##..#..§≈≈≈≈.@#.! .#.k≈§≈≈§§..
≈..##..#..≈§≈≈≈≈kk####.§§§≈≈§≈...
≈..##..#.§§§§≈§≈...##..k≈§§§≈≈...
≈......#...§§§§≈≈≈....≈§≈≈≈§§....
..##...#...≈≈§≈≈≈§§≈§≈≈≈§≈≈§≈...#
.####..#....≈≈≈≈≈§≈≈≈≈≈≈§§≈≈....#
## ##..#.....≈≈§≈§≈§≈≈§≈§≈≈...###
# #...#......≈§§≈≈§≈≈≈≈≈≈§.§## #
#...#.....§§§§≈§§≈≈≈≈....##


You could see 3 lindwurms.

Vanquished Creatures
  2 two-headed ogres
  A wizard (D:10)
  A lindwurm (D:10)
  2 orc sorcerers (D:10)
  2 trolls (D:9)
  A queen bee (D:9)
  Prince Ribbit (D:7)
  A hippogriff (D:8)
  A spriggan (D:7)
  6 yaks (D:9)
  Edmund (D:5)
  6 orc warriors
  2 black bears (D:9)
  3 ice beasts
  4 phantoms
  A sky beast (D:5)
  3 ogres
  3 centaurs
  4 bullfrogs
  A gnoll sergeant (D:7)
  A water moccasin zombie (D:8)
  A wyvern skeleton (D:7)
  A water moccasin skeleton (D:9)
  5 scorpions
  4 wights (D:10)
  32 killer bees
  7 howler monkeys
  An electric eel (D:9)
  A crimson imp (D:7)
  2 bullfrog zombies (D:9)
  6 hounds
  4 jellies
  4 orc priests
  18 orc wizards
  A centaur skeleton (D:9)
  Ijyb (D:5)
  An iguana (D:5)
  8 worker ants
  A hound skeleton (D:9)
  A howler monkey zombie (D:9)
  6 gnolls
  12 adders
  3 shadow imps
  2 worms
  3 dart slugs (D:2)
  5 leopard geckos
  65 orcs
  3 giant cockroaches
  7 hobgoblins
  9 jackals
  8 bats
  9 frilled lizards
  11 goblins
  10 kobolds
  A leopard gecko zombie (D:6)
  A quokka skeleton (D:4)
  10 rats
  4 fungi (D:9)
315 creatures vanquished.

Notes
Turn   | Place    | Note
-------+----------+-------------------------------------------
     0 | D:1      | jojo4000 the Minotaur Berserker began the quest for the Orb.
     0 | D:1      | Reached XP level 1. HP: 19/19 MP: 0/0
   113 | D:1      | Reached XP level 2. HP: 20/27 MP: 1/1
   310 | D:1      | Reached skill level 4 in Axes
   561 | D:2      | Reached XP level 3. HP: 19/33 MP: 2/2
   826 | D:2      | Found a white marble altar of Elyvilon.
   856 | D:2      | Reached ** piety under Trog
  1129 | D:2      | Found an opulent altar of Gozag.
  1215 | D:2      | Reached XP level 4. HP: 41/41 MP: 3/3
  1588 | D:3      | Found a sacrificial altar of Ru.
  1626 | D:3      | Found a shadowy altar of Dithmenos.
  1792 | D:3      | Reached skill level 5 in Axes
  2024 | D:3      | Reached skill level 5 in Fighting
  2024 | D:3      | Reached XP level 5. HP: 45/48 MP: 4/4
  2455 | D:4      | Reached *** piety under Trog
  2696 | D:4      | Reached skill level 6 in Axes
  2715 | D:4      | Reached skill level 1 in Shields
  2972 | D:4      | Reached XP level 6. HP: 56/56 MP: 5/5
  3320 | D:4      | Found a glowing golden altar of the Shining One.
  3541 | D:5      | Entered Level 5 of the Dungeon
  3778 | D:5      | Reached skill level 7 in Axes
  3819 | D:5      | Noticed Ijyb
  3819 | D:5      | Noticed a sky beast
  3825 | D:5      | Killed a sky beast
  3825 | D:5      | Reached XP level 7. HP: 62/62 MP: 6/6
  3828 | D:5      | Killed Ijyb
  3945 | D:5      | Found a sparkling altar of Nemelex Xobeh.
  3968 | D:5      | Noticed Edmund
  3985 | D:5      | Killed Edmund
  4053 | D:5      | Reached skill level 8 in Axes
  4832 | D:6      | Found Vautoniq's Antique Armour Shoppe.
  5125 | D:6      | Found a hide-covered altar of Uskayaw.
  5143 | D:6      | Reached XP level 8. HP: 59/71 MP: 7/7
  5306 | D:6      | Found a stormy altar of Qazlal.
  5372 | D:6      | Reached skill level 9 in Axes
  5618 | D:6      | Found a shadowy altar of Dithmenos.
  5737 | D:6      | Reached **** piety under Trog
  5741 | D:6      | Received a gift from Trog
  5741 | D:6      | Reached skill level 5 in Armour
  6405 | D:7      | Reached skill level 5 in Shields
  6677 | D:7      | Reached skill level 10 in Axes
  6678 | D:7      | Reached XP level 9. HP: 74/79 MP: 8/8
  6811 | D:7      | Noticed Prince Ribbit
  6834 | D:7      | Killed Prince Ribbit
  6942 | D:7      | Found Mena's Antique Weapon Shop.
  7055 | D:7      | Found a sacrificial altar of Ru.
  7707 | D:7      | Found a blossoming altar of Fedhas.
  7764 | D:7      | Reached skill level 11 in Axes
  7984 | D:7      | Found a staircase to the Ecumenical Temple.
  8186 | D:8      | Found a flagged portal.
  8360 | D:8      | Found a staircase to the Lair.
  8367 | D:8      | You fall through a shaft for 2 floors!
  8367 | D:10     | Entered Level 10 of the Dungeon
  8471 | D:10     | Noticed a two-headed ogre
  8483 | D:10     | Killed a two-headed ogre
  8483 | D:10     | Reached XP level 10. HP: 91/91 MP: 9/9
  8535 | D:9      | Reached skill level 12 in Axes
  8887 | D:8      | Found a shattered altar of Ashenzari.
  8898 | D:8      | Found a burning altar of Makhleb.
  8899 | D:8      | Found a bloodstained altar of Trog.
  9241 | D:8      | Found an iron altar of Okawaru.
  9375 | D:8      | Found a roughly hewn altar of Beogh.
  9393 | D:8      | Reached ***** piety under Trog
 10083 | D:9      | Noticed a two-headed ogre
 10098 | D:9      | Killed a two-headed ogre
 10594 | D:9      | Found a basalt altar of Yredelemnul.
 10739 | D:9      | Reached skill level 13 in Axes
 10820 | D:9      | Reached skill level 10 in Fighting
 10847 | D:9      | Reached XP level 11. HP: 60/99 MP: 10/10
 11135 | D:9      | Received a gift from Trog
 12206 | D:10     | Noticed a lindwurm
 12282 | D:10     | Noticed a lindwurm
 12302 | D:10     | Noticed an orc sorcerer
 12305 | D:10     | Noticed a wizard
 12305 | D:10     | Noticed an orc sorcerer
 12307 | D:10     | Noticed a sun demon
 12313 | D:10     | Killed an orc sorcerer
 12313 | D:10     | Reached skill level 1 in Evocations
 12317 | D:10     | Killed a wizard
 12320 | D:10     | Killed an orc sorcerer
 12327 | D:10     | Reached skill level 14 in Axes
 12789 | D:10     | Noticed a lindwurm
 12890 | D:10     | Noticed a lindwurm
 12979 | D:10     | Killed a lindwurm
 13002 | D:10     | Slain by a lindwurm

Skill      XL: |  1  2  3  4  5  6  7  8  9 10 11 |
---------------+----------------------------------+-----
Axes           | 4 5 6 7 8 10 11 13 14 | 14.1
Fighting       | 4 5 6 7 9 10 | 10.9
Armour         | 3 4 5 7 8 |  8.2
Shields        | 1 2 3 5 7 9 |  9.6
Dodging        | 3 |  3.7
Evocations     | 1 |  1.1
Stealth        | |  0.3

Action                   |  1- 3 |  4- 6 |  7- 9 | 10-12 || total
-------------------------+-------+-------+-------+-------++-------
Melee: Hand axe          |    70 |    24 |   293 |   412 ||   799
       Headbutt          |    13 |    28 |    65 |    94 ||   200
       War axe           |       |   141 |    34 |       ||   175
Invok: Berserk           |     2 |     6 |     7 |     7 ||    22
       Trog's Hand       |       |     2 |     1 |     1 ||     4
       Burn Spellbooks   |       |       |     1 |     1 ||     2
 Abil: Evoke Flight      |       |       |     1 |     4 ||     5
  Use: Scroll            |       |       |     8 |     1 ||     9
       Potion            |       |       |       |     1 ||     1
 Stab: Sleeping          |       |     1 |       |       ||     1
       Distracted        |       |       |       |     2 ||     2
  Eat: Chunk             |     3 |    13 |    13 |    14 ||    43
       Fruit             |       |       |     6 |     4 ||    10
       Royal jelly       |       |       |     2 |       ||     2
       Meat ration       |       |       |       |     1 ||     1
Armor: Animal skin       |     3 |     9 |       |       ||    12
       Scale mail        |       |    29 |   105 |   107 ||   241
       Chain mail        |       |    43 |     3 |       ||    46
Dodge: Dodged            |    67 |    41 |    69 |   123 ||   300
Block: Shield            |       |    44 |   157 |   195 ||   396
